 Dungeon Crawl Stone Soup version 0.32-a0-705-g60f233581c (webtiles) character file.

Game seed: 4631192812436278902

98 ezpacito the Trooper (level 4, -1/35 HPs)
             Began as a Coglin Chaos Knight on Mar 14, 2024.
             Was a Plaything of Xom.
             Slain by a goblin
             ... wielding a +0 club
             ... led by Robin
              (3 damage)
             ... on level 2 of the Dungeon.
             The game lasted 00:00:58 (1425 turns).

ezpacito the Trooper (Coglin Chaos Knight)          Turns: 1425, Time: 00:00:59

Health: -1/35      AC:  5    Str: 14    XL:     4   Next: 71%
Magic:  4/4        EV: 10    Int: 12    God:    Xom [...*..]
Gold:   108        SH:  0    Dex: 13    Spells: 4/4 levels left

rFire   . . .        a - +0 hand axe (chaos) {Sanele}
rCold   . . .        k - +0 spear {Chun}
rNeg    . . .        b - +2 leather armour
rPois   .            (no helmet)
rElec   .            (no cloak)
rCorr   .            (no gloves)
SInv    .            (no boots)
Will    .....        (amulet unavailable)
Stlth   +            (ring unavailable)
HPRegen 0.25/turn    (ring unavailable)
MPRegen 0.09/turn    (no gizmo)

%: no passive effects
@: revved
A: off-hand wielding, slow wielding, warmup strikes, no jewellery
a: Invent Gizmo, Renounce Religion


You were on level 2 of the Dungeon.
You worshipped Xom.
You were a favourite toy of Xom.
You visited 1 branch of the dungeon, and saw 2 of its levels.

You collected 108 gold pieces.

Inventory:

Hand Weapons
 a - a +0 hand axe of chaos (weapon) {Sanele}
 k - a +0 spear (offhand) {Chun}
Missiles
 i - 4 boomerangs (quivered)
Armour
 b - a +2 leather armour (worn)
Magical Staves
 d - a staff of air
 h - a staff of cold
Scrolls
 c - a scroll of butterflies
 e - a scroll of identify {unknown}
 g - a scroll of amnesia {unknown}
 j - a scroll of brand weapon {unknown}
 l - a scroll of fear {unknown}
Potions
 f - 2 potions of curing {unknown}


   Skills:
 * Level 3.5 Fighting
 * Level 3.4(3.5) Axes
 + Level 1.0(2.1) Polearms
 * Level 2.2 Armour
 * Level 1.9 Dodging
 + Level 1.0 Stealth
 + Level 0.6 Spellcasting
 + Level 0.1 Evocations


You had 4 spell levels left.
You didn't know any spells.
Your spell library contained the following spells:

 Spells                   Type           Power      Damage    Failure   Level
 Sandblast                Erth           0%         2d4       36%         1
 Stone Arrow              Conj/Erth      0%         3d7       75%         3
 Brom's Barrelling Bould  Conj/Erth      0%         2d3       98%         4


Dungeon Overview and Level Annotations

Branches:
Dungeon (2/15)

Altars:
Beogh


Innate Abilities, Weirdness & Mutations

You can wield a second weapon in your off-hand.
It takes a long time for you to wield or remove held weapons.
Your first few attacks do less damage.
You cannot equip rings or amulets.


Message History

a +0 dagger; a +0 dagger You barely miss Robin with your +0 spear.
Robin is severely wounded.
You completely miss Robin with your +0 hand axe of chaos.
You closely miss the goblin with your +0 hand axe of chaos.
Robin hits you but does no damage. The goblin closely misses you.
You barely miss Robin with your +0 hand axe of chaos.
Robin is severely wounded.
You hit the goblin with your +0 hand axe of chaos.
You hit Robin with your +0 spear. The goblin hits you with a +0 club.
You take 4 damage, and have 19/35 hp.
You hit Robin with your +0 hand axe of chaos.
You kill Robin!
You closely miss the goblin with your +0 hand axe of chaos.
The goblin misses you.
Your base Polearms skill increases to level 1!
Your Stealth skill increases to level 1!
You completely miss the goblin with your +0 hand axe of chaos.
You closely miss the goblin with your +0 hand axe of chaos.
You barely miss the goblin with your +0 spear.
The goblin hits you with a +0 club. The goblin barely misses you.
You take 3 damage, and have 16/35 hp.
You hit the goblin with your +0 spear.
The goblin is severely wounded.
You closely miss the goblin with your +0 hand axe of chaos.
You barely miss the goblin with your +0 hand axe of chaos.
The goblin hits you with a +0 club.
A goblin comes into view. It is wielding a +0 club.
The goblin hits you with a +0 club.
* * * LOW HITPOINT WARNING * * *
You take 9 damage, and have 7/35 hp.
MASSIVE DAMAGE!!
You barely miss the goblin with your +0 hand axe of chaos.
The goblin is heavily wounded.
You hit the goblin with your +0 hand axe of chaos.
You closely miss the goblin with your +0 spear.
The goblin no longer looks unusually strong.
The goblin hits you with a +0 club.
* * * LOW HITPOINT WARNING * * *
The goblin hits you with a +0 club.
You die...

#.# #..# #.# ##.. #.# ###
#.# #######.##########
.................#
#######.########.#
############.# #.##
.g...gg@g)...# #...
######################.#.
#........................
#.#....###############†#.
#########.#....# #.......
#..............# #..##.#.
###.#####......# #..##.#.
#............# #..##.#.
########..<..# #.....#.


You could see 4 goblins.

Vanquished Creatures
  Natasha (D:2)
  Robin (D:2)
  2 adders (D:2)
  A dart slug (D:1)
  4 ball pythons (D:1)
  7 bats
  2 endoplasms (D:1)
  3 giant cockroaches
  5 goblins
  5 hobgoblins
  2 frilled lizards
  4 kobolds
  4 rats
41 creatures vanquished.

Notes
Turn   | Place    | Note
-------+----------+-------------------------------------------
     0 | D:1      | ezpacito the Coglin Chaos Knight began the quest for the
                  | Orb.
     0 | D:1      | Reached XP level 1. HP: 18/18 MP: 1/1
    68 | D:1      | Reached skill level 1 in Dodging
   124 | D:1      | Found a roughly hewn altar of Beogh.
   131 | D:1      | Reached XP level 2. HP: 24/24 MP: 2/2
   162 | D:1      | Found a faded altar of an unknown god.
   488 | D:1      | Reached XP level 3. HP: 24/29 MP: 3/3
   651 | D:1      | XOM is BORED!
   651 | D:1      | XOM: noise
   782 | D:1      | XOM: god gift: 4 boomerangs
   993 | D:2      | XOM: noise
  1337 | D:2      | Noticed Natasha
  1339 | D:2      | XOM: potion effect (heal wounds)
  1343 | D:2      | Killed Natasha
  1344 | D:2      | Reached XP level 4. HP: 33/35 MP: 4/4
  1405 | D:2      | Noticed Robin
  1422 | D:2      | Killed Robin
  1423 | D:2      | Reached skill level 1 in Polearms
  1423 | D:2      | Reached skill level 1 in Stealth
  1425 | D:2      | Slain by a goblin

Illustrated notes

Levels and vault maps discovered:
D:1:      minmay_arrival_shattered_statue, layout_loops_ring,
          hellmonk_ecumenical_altar_defaced_shrine
D:2:      layout_basic, uniq_robin, uniq_natasha

Skill      XL: |  1  2  3  4 |
---------------+-------------+-----
Dodging        | 1 |  1.9
Armour         | 2 |  2.2
Polearms       | 1 |  1.0
Stealth        | 1 |  1.0
Fighting       | |  3.5
Axes           | |  3.4
Spellcasting   | |  0.6
Evocations     | |  0.1

Action                     |  1- 3 |  4- 6 || total
---------------------------+-------+-------++-------
  Melee: Dagger            |    49 |       ||    49
         Hand axe          |    64 |    13 ||    77
         Spear             |    11 |    18 ||    29
   Stab: Sleeping          |     2 |       ||     2
 Armour: Leather armour    |    40 |    16 ||    56
  Dodge: Dodged            |    43 |     7 ||    50

Table legend: (Time is in decaauts)
 A = Elapsed time spent in this place.
 B = Non-inter-level travel time spent in this place.
 C = Inter-level travel time spent in this place.
 D = Time resting spent in this place.
 E = Time spent auto-exploring this place.
 F = Levels seen in this place.
 G = Mean time per level.
                   A        B        C        D        E       F      G
               +--------+--------+--------+--------+--------+-----+--------+
         Total |   1431 |   1342 |     89 |      0 |   1119 |   2 |  715.5 |
       Dungeon |   1431 |   1342 |     89 |      0 |   1119 |   2 |  715.5 |
               +--------+--------+--------+--------+--------+-----+--------+

Top non-repeatable levels by time:
     D:1: 838 daAuts
     D:2: 592 daAuts
